 Dungeon Crawl Stone Soup version 0.18.1-48-g4cf74bf (webtiles) character file.

12296 dearth the Fighter (level 11, 0/107 HPs)
             Began as a Hill Orc Fighter on Aug 5, 2016.
             Was a High Priest of Okawaru.
             Slain by an iguana (3 damage)
             ... on level 13 of the Dungeon.
             The game lasted 00:46:43 (12269 turns).

dearth the Fighter (Hill Orc Fighter)              Turns: 12269, Time: 00:46:44

Health: 0/107      AC:  9    Str: 21    XL:     11   Next: 91%
Magic:  0/16       EV:  2    Int:  8    God:    Okawaru [*****.]
Gold:   592        SH:  0    Dex: 12    Spells: 0 memorised, 10 levels left

rFire  + . .     SeeInvis .     t - +3 war axe (chop)
rCold  . . .     Gourm    .     l - +0 scale mail
rNeg   + + +     Faith    .     c - +1 shield
rPois  ∞         Spirit   +     (helmet restricted)
rElec  .         Dismiss  .     (no cloak)
rCorr  .         Reflect  .     (no gloves)
SustAt .         Harm     .     (no boots)
MR     .....                    e - amulet of guardian spirit
Stlth  ..........               (no ring)
                                (no ring)

@: petrified, studying Armour, not resistant to hostile enchantments, extremely
unstealthy
A: beak, yellow scales 1, fire resistance 1
a: Heroism, Finesse, Renounce Religion


You were on level 13 of the Dungeon.
You worshipped Okawaru.
Okawaru was extremely pleased with you.
You were very hungry.

You visited 2 branches of the dungeon, and saw 12 of its levels.
You also visited: Bailey.

You collected 592 gold pieces.

Inventory:

Hand Weapons
 a - a +2 demon trident
 q - a +2 executioner's axe of chopping
 t - a +3 war axe of chopping (weapon)
Missiles
 x - 11 javelins of returning (quivered)
Armour
 c - a +1 shield (worn)
 g - a +2 helmet
 l - a +0 scale mail (worn)
 n - a +0 crystal plate armour
Rods
 s - a +0 iron rod (11/11)
   (You found it on level 5 of the Dungeon)
Jewellery
 e - an amulet of guardian spirit (around neck)
 w - a +3 amulet of reflection {unknown}
Wands
 o - a wand of lightning (0/15)
 y - a wand of iceblast (3/15)
Scrolls
 d - 2 scrolls of blinking
 i - 5 scrolls of fog
 k - a scroll of amnesia
 u - 3 scrolls of enchant armour
 v - 2 scrolls of enchant weapon
Potions
 j - a potion of cure mutation
 m - 3 potions of agility {unknown}
 r - a potion of heal wounds {unknown}
Books
 b - a manual of Armour
Comestibles
 f - 11 bread rations
 h - 2 meat rations
 p - 3 beef jerkies


   Skills:
 * Level 13.5 Fighting
 + Level 12.4 Axes
 + Level 7.3 Armour
 + Level 7.2 Shields
 + Level 7.2 Invocations
 + Level 5.5 Evocations


You had 10 spell levels left.
You didn't know any spells.

Dungeon Overview and Level Annotations

Branches:
Dungeon (10/15)            Temple (1/1) D:6            Lair (0/8) D:9
    Orc: D:9-12

Altars:
Ashenzari
Cheibriados
Dithmenos
Elyvilon
Gozag
Kikubaaqudgha
Makhleb
Nemelex Xobeh
Okawaru
Pakellas
Qazlal
Ru
Sif Muna
Trog
Vehumet
Xom
Zin
The Shining One

Shops:
D:5 (


Innate Abilities, Weirdness & Mutations

You have a beak for a mouth.
You are partially covered in yellow scales (AC +2).
Your flesh is heat resistant.


Message History

The catoblepas gores you!!
* * * LOW HITPOINT WARNING * * *
The catoblepas breathes a plume of calcifying dust at you.
The blast of calcifying dust hits you!
* * * LOW HITPOINT WARNING * * *
You are engulfed in calcifying dust.
The catoblepas gores you!
* * * LOW HITPOINT WARNING * * *
You are engulfed in calcifying dust.
The catoblepas gores you!
* * * LOW HITPOINT WARNING * * *
You are engulfed in calcifying dust.
The catoblepas gores you but does no damage.
You are engulfed in calcifying dust.
The catoblepas gores you.
The iguana is no longer petrified.
The catoblepas gores you but does no damage.
The catoblepas barely misses you.
The iguana bites you but does no damage.
The catoblepas gores you!
* * * LOW HITPOINT WARNING * * *
The iguana bites you.
You die...

#. ####### ...
#.....# #.#
#.....#. #.#
+.....#.####.#
#.....#......#
#.....#..(...#
#.....#....).#
#.##..+...>Y@#
#..#####l##
#........# .
#........# ..
#........# ...
#.....)..## ....
#....)∩)..#.....
#.....).........
####.....########


You could see a catoblepas and an iguana.

Vanquished Creatures
  Maud (D:10)
  A tengu warrior (D:9)
  The ghost of ThereIsNoGod the Severer, a novice MiGl of Makhleb (D:9)
  Nergalle (D:10)
  Pikel (D:7)
  A deep elf mage (D:13)
  An ugly thing (D:10)
  Joseph (D:8)
  Maurice (D:8)
  A centaur zombie (D:10)
  The ghost of dearth the Chopper, an amateur HOFi of Okawaru (D:4)
  Grinder (D:3)
  A two-headed ogre (D:8)
  Prince Ribbit (D:8)
  A spriggan (D:9)
  A hungry ghost (D:10)
  A wyvern (D:9)
  A wraith (D:7)
  A steam dragon (D:7)
  Menkaure (D:7)
  12 orc warriors
  A sky beast (D:13)
  An ice beast (D:10)
  A black bear (D:6)
  2 necrophages (D:7)
  11 centaurs
  3 phantoms
  A slave (D:7)
  2 ogres
  A crocodile (D:9)
  6 giant frogs
  A gnoll sergeant (D:8)
  2 scorpions (D:4)
  2 howler monkeys
  2 crimson imps
  2 giant frog zombies (D:6)
  2 quasits
  4 hounds
  9 orc priests
  A giant frog skeleton (D:7)
  10 orc wizards
  2 centaur skeletons
  3 iguanas
  7 worker ants
  A hound zombie (D:6)
  2 hound skeletons
  Robin (D:2)
  A worker ant zombie (D:5)
  3 gnolls (D:8)
  12 adders
  A river rat (D:9)
  A shadow imp (D:5)
  2 oozes
  3 adder skeletons
  2 worms
  2 dart slugs
  11 giant geckos
  56 orcs
  A ball python (D:3)
  8 bats
  5 giant cockroaches
  24 goblins
  5 hobgoblins
  7 jackals
  2 quokkas
  A giant gecko skeleton (D:7)
  3 giant newts
  5 kobolds
  A quokka zombie (D:5)
  7 rats
  2 fungi
277 creatures vanquished.

Vanquished Creatures (others)
  A slave (D:7)
  A hound (D:7)
  9 fungi
11 creatures vanquished.

Grand Total: 288 creatures vanquished

Notes
Turn   | Place    | Note
--------------------------------------------------------------
     0 | D:1      | dearth the Hill Orc Fighter began the quest for the Orb.
     0 | D:1      | Reached XP level 1. HP: 19/19 MP: 1/1
   111 | D:1      | Reached skill level 4 in Fighting
   111 | D:1      | Reached XP level 2. HP: 25/27 MP: 2/2
   501 | D:1      | Reached XP level 3. HP: 32/33 MP: 3/3
  1251 | D:2      | Reached XP level 4. HP: 36/41 MP: 4/4
  1321 | D:2      | Noticed Robin
  1368 | D:2      | Killed Robin
  1368 | D:2      | Reached skill level 5 in Axes
  1835 | D:3      | Found an ancient bone altar of Kikubaaqudgha.
  1876 | D:3      | Noticed Grinder
  1881 | D:3      | Killed Grinder
  1881 | D:3      | Reached skill level 6 in Fighting
  1881 | D:3      | Reached XP level 5. HP: 25/50 MP: 5/5
  1881 | D:3      | Reached XP level 6. HP: 29/57 MP: 6/6
  2426 | D:3      | Reached XP level 7. HP: 62/64 MP: 7/7
  2900 | D:4      | Noticed dearth's ghost (amateur HOFi)
  3445 | D:4      | Killed dearth's ghost
  3445 | D:4      | Reached skill level 7 in Fighting
  3503 | D:4      | Found an oddly glowing altar of Pakellas.
  3588 | D:4      | Reached skill level 8 in Fighting
  3590 | D:4      | Reached XP level 8. HP: 59/74 MP: 8/8
  3703 | D:4      | Found a glowing silver altar of Zin.
  3711 | D:4      | Found a shattered altar of Ashenzari.
  3711 | D:4      | Found an oddly glowing altar of Pakellas.
  3711 | D:4      | Found a sacrificial altar of Ru.
  3712 | D:4      | Found an opulent altar of Gozag.
  3713 | D:4      | Found a sparkling altar of Nemelex Xobeh.
  4085 | D:4      | Found a snail-covered altar of Cheibriados.
  4753 | D:5      | Entered Level 5 of the Dungeon
  4886 | D:5      | Reached skill level 9 in Fighting
  4967 | D:5      | Found Ahean's Antique Weapon Shop.
  4994 | D:5      | Reached skill level 10 in Axes
  5383 | D:6      | Found a staircase to the Ecumenical Temple.
  5400 | Temple   | Entered the Ecumenical Temple
  5434 | Temple   | Became a worshipper of Warmaster Okawaru
  5604 | D:6      | Reached skill level 1 in Invocations
  5604 | D:6      | Reached XP level 9. HP: 60/85 MP: 5/9
  5638 | D:6      | Found a shadowy altar of Dithmenos.
  5644 | D:6      | Found a bloodstained altar of Trog.
  5644 | D:6      | Found a glowing golden altar of the Shining One.
  5679 | D:6      | Reached skill level 10 in Fighting
  5679 | D:6      | Reached skill level 1 in Evocations
  6038 | D:7      | Noticed Pikel
  6044 | D:7      | Killed Pikel
  6044 | D:7      | Reached * piety under Okawaru
  6453 | D:7      | Noticed Menkaure
  6464 | D:7      | Killed Menkaure
  6472 | D:7      | HP: 3/86 [orc priest/divine providence (12)]
  6966 | D:7      | Found a radiant altar of Vehumet.
  7295 | D:6      | Reached skill level 11 in Fighting
  7462 | D:7      | Reached ** piety under Okawaru
  7462 | D:7      | Reached XP level 10. HP: 84/95 MP: 9/12
  7635 | D:8      | Found a stormy altar of Qazlal.
  7826 | D:8      | Noticed Joseph
  7839 | D:8      | Killed Joseph
  7839 | D:8      | Reached skill level 5 in Armour
  7839 | D:8      | Reached skill level 5 in Shields
  7877 | D:8      | Noticed Prince Ribbit
  7893 | D:8      | Killed Prince Ribbit
  8062 | D:8      | Noticed Maurice
  8102 | D:8      | Killed Maurice
  8110 | D:8      | Gained mutation: You are partially covered in yellow scales (AC +2). [potion of mutation]
  8110 | D:8      | Gained mutation: Your flesh is heat resistant. [potion of mutation]
  8110 | D:8      | Gained mutation: You have a beak for a mouth. [potion of mutation]
  8740 | D:9      | Reached skill level 5 in Invocations
  8757 | D:9      | Found a staircase to the Lair.
  8897 | D:9      | Noticed ThereIsNoGod's ghost (novice MiGl)
  8904 | D:9      | Reached *** piety under Okawaru
  8913 | D:9      | Killed ThereIsNoGod's ghost
  9065 | D:9      | Reached skill level 12 in Fighting
  9189 | D:9      | Found a deep blue altar of Sif Muna.
  9276 | D:9      | Found a burning altar of Makhleb.
  9437 | D:9      | Noticed a tengu warrior
  9450 | D:9      | Killed a tengu warrior
  9450 | D:9      | Reached **** piety under Okawaru
  9495 | D:9      | Reached XP level 11. HP: 98/105 MP: 15/15
  9622 | D:10     | Entered Level 10 of the Dungeon
  9860 | D:10     | Noticed Nergalle
  9884 | D:10     | Killed Nergalle
  9965 | D:10     | Found a deep blue altar of Sif Muna.
 10120 | D:10     | Noticed a purple ugly thing
 10136 | D:10     | Killed a purple ugly thing
 10136 | D:10     | Reached ***** piety under Okawaru
 10220 | D:10     | Noticed Maud
 10609 | D:10     | Killed Maud
 10609 | D:10     | Received a gift from Okawaru
 10609 | D:10     | Reached skill level 13 in Fighting
 10609 | D:10     | Reached skill level 5 in Evocations
 10658 | D:10     | You fall through a shaft for 3 floors!
 10658 | D:13     | Found a flagged portal.
 10667 | Bailey   | Entered a bailey
 12231 | D:13     | Noticed a catoblepas
 12241 | D:13     | Noticed a deep elf mage
 12246 | D:13     | Killed a deep elf mage
 12246 | D:13     | Received a gift from Okawaru
 12263 | D:13     | HP: 5/107 [catoblepas (4)]
 12268 | D:13     | HP: 3/107 [catoblepas (4)]
 12269 | D:13     | Slain by an iguana

Skill      XL: |  1  2  3  4  5  6  7  8  9 10 11 |
---------------+----------------------------------+-----
Axes           | 3 4 6 7 8 10 11 12 | 12.4
Fighting       | 4 6 8 9 11 12 13 | 13.5
Invocations    | 1 3 5 7 |  7.2
Evocations     | 3 4 5 |  5.5
Armour         | 4 5 7 |  7.3
Shields        | 4 6 7 |  7.2

Action                   |  1- 3 |  4- 6 |  7- 9 | 10-12 || total
-------------------------+-------+-------+-------+-------++-------
Melee: War axe           |   114 |    94 |   351 |   357 ||   916
       Peck              |       |       |       |    61 ||    61
       Demon trident     |       |       |       |     6 ||     6
Throw: Javelin           |       |       |       |     5 ||     5
Invok: Heroism           |       |       |       |     1 ||     1
       Finesse           |       |       |       |     1 ||     1
Evoke: Rod               |       |       |     1 |     2 ||     3
       Wand              |       |       |       |    13 ||    13
  Use: Scroll            |       |     7 |     6 |     6 ||    19
       Potion            |       |     3 |     5 |     6 ||    14
 Stab: Invisible         |       |     1 |       |       ||     1
  Eat: Chunk             |     1 |     4 |    10 |    10 ||    25
       Bread ration      |       |       |     1 |       ||     1
       Fruit             |       |       |     1 |     4 ||     5
       Royal jelly       |       |       |     1 |       ||     1
       Meat ration       |       |       |       |     1 ||     1
Armor: Scale mail        |    58 |    81 |   150 |   125 ||   414
       Skin              |       |     7 |       |       ||     7
Dodge: Dodged            |    43 |    29 |    84 |   116 ||   272
Block: Shield            |    62 |    70 |   177 |   237 ||   546
